[Event "Late-Titled-Tuesday-Blitz-March-12-2024"]
[Site "Chess.com"]
[Date "2024.03.12"]
[Round "3"]
[White "Resignify"]
[Black "ACollins05"]
[Result "1/2-1/2"]
[WhiteElo "2255"]
[BlackElo "2567"]
[TimeControl "180+1"]
[EndTime "14:29:18 PDT"]
[Termination "Game drawn by repetition"]

1. e4 c5 2. Nc3 Nc6 3. g3 g6 4. Bg2 Bg7 5. d3 Rb8 6. f4 b5 7.
a3 d6 8. Be3 Nd4 9. h3 e6 10.
Nf3 Ne7 11. O-O O-O 12. Rb1 b4 13. axb4 Rxb4 14. Bd2 Rb8 15. Kh2 Nec6 16. Be3 Bd7 17. Rf2 Qb6 18. Qd2 Qb4 19. Rff1 Nxf3+ 20. Bxf3 Nd4 21. Bg2 Nb5 22. Nxb5 Qxd2 23. Bxd2 Rxb5 24. Bc3 Bxc3 25. bxc3 Rfb8 26. Rxb5 Rxb5 27. Ra1 Rb7 28. e5 d5 29. c4 Bc6 30. cxd5 Bxd5 31. Bxd5 exd5 32.
Ra5 c4 33. Rxd5 Rb2 34. dxc4 Rxc2+ 35. Kg1 Rxc4 36. Kf2 Ra4 37. Rd7 h5 38. Kf3 Ra3+ 39. Kg2 a5 40. Ra7 Ra2+ 41. Kf3 a4 42. g4 h4 43. g5 a3 44. Kg4 Ra1 45. Kxh4 a2 46.
Ra6 Kf8 47. Ra7 Ke8 48. Ra6 Ke7 49. Ra7+ Ke6 50. Ra6+ Kf5 51. Ra7 Ke4 52. Ra4+ Ke3 53.
Ra7 Kxf4 54. Rxf7+ Kxe5 55. Ra7 Kf4 56. Ra4+ Kf3 57.
Ra3+ Kg2 58. Ra6 Kh2 59. Ra5 Kh1 60. Ra4 Kg1 61. Ra3 Kf1 62. Ra6 Kf2 63. Ra7 Kf3 64. Rf7+ Ke2 65. Ra7 Ke3 66. Ra8 Ke4 67. Re8+ Kd3 68.
Rd8+ Ke2 69. Re8+ Kf3 70. Rf8+ Kg2 71. Ra8 Kf2 72. Rf8+ Ke3 73. Re8+ Kd4 74. Rd8+ Ke5 75. Re8+ Kd6 76. Ra8 Kc6 77. Ra3 Kc5 78. Ra8 Kd6 79.
Rd8+ Kc6 80. Ra8 Kb5 81. Ra3 Kb4 82. Ra8 Kc3 83. Rc8+ Kd4 84. Rd8+ Ke4 85. Re8+ Kd5 86. Rd8+ Ke6 87. Ra8 Kf5 88. Ra5+ Kf4 89. Ra8 Kf5 90.
Rf8+ Ke5 91. Ra8 Kf4 92. Rf8+ Ke4 93. Ra8 Kf5 1/2-1/2

[Event "Late-Titled-Tuesday-Blitz-March-12-2024"]
[Site "Chess.com"]
[Date "2024.03.12"]
[Round "3"]
[White "NelsonLinda"]
[Black "Aram7Adam"]
[Result "1-0"]
[WhiteElo "2628"]
[BlackElo "2445"]
[TimeControl "180+1"]
[EndTime "14:29:22 PDT"]
[Termination "NelsonLinda won by checkmate"]

1. d4 d5 2. Nf3 Nf6 3. Bg5 Ne4 4. Bh4 c5 5. dxc5 Qa5+ 6. c3 Qxc5 7. Nbd2 Nxd2 8. Qxd2 Bf5 9. e3 e6 10. Be2 Be7 11.
Bg3 O-O 12. O-O Nc6 13. Rfc1 Rfd8 14. Qe1 Qb6 15. b4 Rac8 16. a3 Bf6 17. Ra2 a6 18. c4 dxc4 19. Bxc4 Bd3 20. Bb3 h6 21. Rd2 a5 22. Qd1 Be4 23. Bd6 axb4 24. axb4 Nxb4 25. Rxc8 Rxc8 26. Ne5 Bxe5 27. Bxe5 Nd3 28. Rc2 Rxc2 29.
Bxc2 Qb5 30. Bc3 Bg6 31. Qa1 Qc6 32. Bxd3 Bxd3 33. Bxg7 Qb5 34. Bxh6 Qb1+ 35. Qxb1 Bxb1 36. Kf1 Be4 37. f3 Bc6 38. Ke2 Kh7 39. Bf4 Kg6 40.
Bc7 f5 41. Bb6 Kh5 42. Kf2 Kg6 43. Kg3 e5 44. Kf2 e4 45. f4 Bd5 46. h3 Kh5 47. Kg3 Bc4 48. Kf2 Bd5 49. Kg1 Bc6 50.
Kh2 Bb5 51. Bd8 Be2 52. Bb6 Kg6 53. Kg3 Bf1 54. Kf2 Bc4 55. g4 Be6 56. Kg3 Bd7 57. Kh4 Be6 58. gxf5+ Bxf5 59. Kg3 Kf7 60. Kh4 Kg6 61. Kg3 Kh5 62. Kg2 Be6 63. Kh2 Bc4 64. Kg3 Bf1 65. f5 Bxh3 66. Kxh3 Kg5 67. Kg3 Kxf5 68. Kh4 Ke5 69. Kg4 Kd5 70. Kf4 Kc6 71. Bd4 Kd5 72. Bb2 b5 73. Bh8 b4 74. Ba1 b3 75.
Bg7 Kc4 76. Kxe4 Kc5 77. Kd3 Kb4 78. e4 Ka3 79. Bd4 Ka2 80. e5 b2 81. Bxb2 Kb1 82. e6 Ka2 83. e7 Kb3 84. e8=Q Ka2 85. Qa4+ Kb1 86. Qc2+ Ka2 87. Bc3+ Ka3 88. Qb2+ Ka4 89. Qb4# 1-0

[Event "Late-Titled-Tuesday-Blitz-March-12-2024"]
[Site "Chess.com"]
[Date "2024.03.12"]
[Round "3"]
[White "ansko1999"]
[Black "maksimys18"]
[Result "1-0"]
[WhiteElo "2705"]
[BlackElo "2521"]
[TimeControl "180+1"]
[EndTime "14:29:27 PDT"]
[Termination "ansko1999 won by resignation"]

1. Nf3 e6 2. g3 d5 3. Bg2 f5 4. d3 Nf6 5. O-O Bd6 6. Nbd2 O-O 7. e4 fxe4 8. dxe4 Nc6 9. Qe2 e5 10. exd5 Nxd5 11. Ne4 Bg4 12. c3 Qe8 13. Qc4 Ne7 14.
Nxd6 cxd6 15. Qxg4 Nf6 16. Qe6+ Kh8 17. Bg5 h6 18.
Bxf6 Rxf6 19. Qb3 Ng6 20. Rad1 Qf8 21. Nd2 Re8 22. Ne4 Rfe6 23. Qxb7 R8e7 24. Qb3 Re8 25.
c4 Rb8 26. Qc2 Qf5 27. Rd2 Rf8 28. Nc3 Qh5 29. Qd1 Qg5 30. Rxd6 Re7 31. Ne4 Qf5 32. c5 a5 33. b3 Nf4 34. gxf4 exf4 35. Qf3 a4 36. b4 g5 37. Rxh6+ Kg7 38. Qh5 f3 39. Nxg5 fxg2 40. Rh7+ Kf6 41. Qh6+ Ke5 42. Rxe7+ Kd4 43. Qd6+ Kc4 44. Rc1+ Kxb4 45. Qd4+ Kb5 46. Rb7+ Kc6 47. Qd6+ Kxb7 48. Qb6+ Kc8 49. Qc6+ Kb8 50. Qb5+ Kc8 51. Qa6+ Kb8 52. Qd6+ Kc8 53. Qg3 a3 54. Qh3 Kc7 55. Qxf5 Rxf5 56. Ne4 Kc6 57. Rc3 Rd5 58. Kxg2 Rd1 59.
Rxa3 Ra1 60. Ra5 Kd5 61. Ng3 Kc6 62. h4 Rb1 63. h5 Rb7 64. Ra6+ Kb5 65. Rg6 Rb6 66.
Rxb6+ Ka5 67. Rg6 Ka4 68. Rg5 Ka5 69. Rg4 Kb5 70. Rf4 Kc6 71. Rf3 Kd5 72. Re3 Kd4 73.
Kf3 Kxc5 74. Kf4 Kd4 75. Re4+ Kc3 76. f3 Kd3 77. Nf5 Kd2 78. Ne3 Ke1 79. Ng4+ Kf1 80. Ne5 Kg2 81. a4 Kh3 82. h6 Kh4 83. Kf5+ Kh5 84. h7 Kh6 85. a5 Kg7 86. a6 Kf8 87.
Ke6 Ke8 88. f4 Kd8 89. f5 Kc7 90. f6 Kb6 91. Kf7 Ka7 92. Ng6 Kb6 93. Ne7 Kc5 94. Re6 Kd4 95. a7 Kc4 96. a8=Q Kd4 97. Qd5+ Kc3 98. h8=B Kb4 99. Bg7 Ka3 100. Qb3+ Kxb3 101. Rb6+ Kc4 102. Rb4+ Kc5 103. Rb5+ Kd6 104. Rd5+ Kc7 105. Rd7+ Kb8 106. Rb7+ Ka8 107. Ke8 Kxb7 108. f7 Ka8 109. f8=Q Kb7 110. Qf3+ Kc7 111. Qb7+ Kd6 112. Qd7+ 1-0

[Event "Late-Titled-Tuesday-Blitz-March-12-2024"]
[Site "Chess.com"]
[Date "2024.03.12"]
[Round "3"]
[White "corvachesky"]
[Black "ChessFanNM"]
[Result "1-0"]
[WhiteElo "2514"]
[BlackElo "2273"]
[TimeControl "180+1"]
[EndTime "14:29:33 PDT"]
[Termination "corvachesky won on time"]

1. Nf3 d5 2. g3 Nf6 3. Bg2 Bf5 4. d4 c6 5. c4 e6 6. Nc3 h6 7. Qb3 Qb6 8. c5 Qa6 9. Bf1 b5 10. e4 Nxe4 11. Nxb5 Qc8 12. Nc3 Nxc3 13. bxc3 Be7 14. Bg2 O-O 15. O-O Nd7 16. Qa4 a5 17. Bf4 Qa6 18.
Rfc1 Rfc8 19. Bf1 Bd3 20. Bxd3 Qxd3 21. Kg2 g5 22. Be3 Qe4 23. Qc2 Qxc2 24. Rxc2 Rcb8 25. Nd2 a4 26. c4 Rb4 27. cxd5 exd5 28. a3 Rb5 29.
Nb1 Rb3 30. Nc3 Bf6 31. Kf1 Nxc5 32. Nxd5 cxd5 33. Rxc5 Rd8 34. Ra5 Rc8 35. Rxd5 Rcc3 36. Ra5 Rxa3 37. Rxa4 Rxa1+ 38. Rxa1 Rd3 39. Ke2 Rb3 40.
Ra6 Kg7 41. d5 Rb2+ 42. Kd3 Rb1 43. Kc2 Rb4 44. d6 Rb5 45. Kd3 Rd5+ 46. Ke4 Rd1 47. Kf5 Rd5+ 48. Ke4 Rd1 49. h3 h5 50. g4 hxg4 51.
hxg4 Kg6 52. Bc5 Re1+ 53. Kd5 Rd1+ 54. Kc6 Rc1 55. d7 Rd1 56. Bd6 Bd8 57. Ra8 Rc1+ 58. Kd5 Rd1+ 59. Kc6 Rc1+ 60. Kb7 Bf6 61. d8=Q Bxd8 62.
Rxd8 Rc2 63. Bg3 Rc4 64. Rd6+ f6 65. Be5 Rxg4 66. Rxf6+ Kh5 67. Kc6 Rb4 68. Kd5 Rb1 69. Ke6 Rf1 70. Bg3 Kg4 71. Ke5 Re1+ 72. Kd4 Rf1 73. Ke3 Re1+ 74. Kd2 Re8 75. Rd6 Re7 76. Rf6 Rb7 77. Ke2 Rb2+ 78. Kd3 Rb3+ 79. Ke4 Rb4+ 80. Kd5 Rb3 81. Ke6 Rb6+ 82. Kf7 Rb7+ 83. Kg6 Rb8 84. Rd6 Rb7 85. Rd4+ Kh3 86. Kxg5 Rb5+ 87. Kf4 Kg2 88. Ke3 Rb3+ 89. Rd3 Ra3 90. Rxa3 1-0

[Event "Late-Titled-Tuesday-Blitz-March-12-2024"]
[Site "Chess.com"]
[Date "2024.03.12"]
[Round "3"]
[White "BabageldiAnnaberdiyev"]
[Black "Genghis_K"]
[Result "1-0"]
[WhiteElo "2653"]
[BlackElo "2920"]
[TimeControl "180+1"]
[EndTime "14:29:34 PDT"]
[Termination "BabageldiAnnaberdiyev won by checkmate"]

1. e4 c5 2. Nf3 d6 3. d4 cxd4 4. Nxd4 Nf6 5. Nc3 a6 6. Bg5 e6 7. f4 h6 8. Bh4 Nbd7 9. Be2 Be7 10. Bf2 Qc7 11. a4 b6 12. Bf3 Bb7 13. O-O g5 14. f5 e5 15. Nb3 h5 16. Nd5 Nxd5 17. exd5 Nf6 18. a5 b5 19. Bb6 Qd7 20. g3 Qxf5 21. Nc5 dxc5 22. d6 e4 23. Bg2 Qe5 24. dxe7 Kxe7 25.
b4 Rac8 26. bxc5 Rxc5 27. Rxf6 Kxf6 28. Qf1+ Kg7 29. Rd1 h4 30. Rd7 Qf5 31. Qxf5 Rxf5 32. Rxb7 Re8 33. Bd4+ Kg8 34. Be3 hxg3 35. hxg3 Rd5 36.
Kf2 f6 37. Bh3 Rde5 38. Bd7 R8e7 39. Bc6 Rxb7 40. Bxb7 Kg7 41. Bxa6 b4 42. Bc4 Rxa5 43. Bb3 Rf5+ 44. Ke2 Rf3 45. g4 Kg6 46. Be6 Rh3 47.
Bf5+ Kf7 48. Bxe4 Rg3 49. Bf5 Ke7 50. Kd3 Kd6 51. Ke4 Rg2 52. Kd3 Ke5 53. Bd4+ Kf4 54.
Kc4 Rd2 55. Bxf6 Rd1 56. Kxb4 Rd6 57. Bc3 Rb6+ 58. Kc4 Rc6+ 59. Kd3 Rd6+ 60. Bd4 Kf3 61. c3 Kg3 62. Be4 Kxg4 63. c4 Kf4 64. c5 Rd8 65. c6 g4 66. c7 Rc8 67. Bb6 Ke5 68. Bb7 Rf8 69. c8=Q Rxc8 70. Bxc8 g3 71. Bh3 g2 72. Bxg2 Kf4 73. Be4 Ke5 74. Bc7+ Ke6 75. Kd4 Kf6 76.
Be5+ Ke6 77. Bd5+ Kf5 78. Bc4 Kg4 79. Kd5 Kf3 80. Kd4 Kg4 81. Ke4 Kg5 82. Be6 Kg6 83. Kf4 Kh6 84. Kf5 Kh5 85. Bf4 Kh4 86. Bf7 Kh3 87. Ke4 Kg2 88. Be6 Kf2 89. Bg4 Kg2 90. Ke3 Kf1 91. Kd2 Kf2 92. Bh5 Kg2 93. Ke2 Kh3 94. Ke3 Kh4 95. Be2 Kh3 96. Kf3 Kh4 97. Kf2 Kh3 98. Bf3 Kh4 99. Be2 Kh3 100. Bg5 Kh2 101. Bg4 Kh1 102. Be3 Kh2 103. Bf4+ Kh1 104. Bf3# 1-0

[Event "Late-Titled-Tuesday-Blitz-March-12-2024"]
[Site "Chess.com"]
[Date "2024.03.12"]
[Round "3"]
[White "Zohid6"]
[Black "mightysmasher"]
[Result "1-0"]
[WhiteElo "2885"]
[BlackElo "2595"]
[TimeControl "180+1"]
[EndTime "14:30:11 PDT"]
[Termination "Zohid6 won by checkmate"]

1. e4 e6 2. d4 d5 3. Nc3 dxe4 4. Nxe4 Nd7 5. Nf3 Ngf6 6. Nxf6+ Nxf6 7. Bd3 c5 8. O-O cxd4 9. Nxd4 Bc5 10. Nb3 Bd6 11. Qf3 O-O 12. Bg5 h6 13. Bh4 e5 14. h3 Qe7 15.
Rae1 Be6 16. Nd2 g5 17. Bg3 Bd5 18. Qe3 Rae8 19. c4 Bc6 20. Bf5 Nh5 21. Ne4 Nf4 22. Rd1 Bc7 23. Rfe1 Bb6 24. Qf3 Rd8 25. h4 f6 26. Kh2 Qf7 27. b3 Ba5 28. Rg1 Bb6 29. a4 Bd4 30. Rge1 a6 31. a5 b5 32. axb6 Bxb6 33. Qc3 Bd4 34. Qa5 Qg7 35. Bxf4 gxf4 36. Qd2 Bxe4 37. Bxe4 f5 38. Bd5+ Kh8 39. Qe2 e4 40.
Kh1 Be5 41. Qh5 Bc3 42. Rg1 Be5 43. Be6 Rxd1 44. Rxd1 f3 45. gxf3 Qf6 46. Bd5 exf3 47. Rg1 Bd6 48. Bxf3 Rd8 49. Rg6 Qa1+ 50. Kg2 Bf4 51.
Rxh6+ Bxh6 52. Qxh6+ Kg8 53. Bd5+ Rxd5 54. cxd5 Qd4 55.
Qe6+ Kg7 56. Qxf5 Qxh4 57. d6 Qd4 58. d7 a5 59. Kf3 a4 60. bxa4 Qc3+ 61. Kg4 Qd4+ 62. Kg3 Qc3+ 63. Qf3 Qc7+ 64. Kg2 Qxd7 65. Qg3+ Kf8 66. Qf4+ Kg7 67. Kg3 Qd3+ 68. Qf3 Qd6+ 69. Qf4 Qa3+ 70. f3 Qa1 71. Qc7+ Kg6 72. Qb6+ Kg7 73.
a5 Qe1+ 74. Kf4 Qh4+ 75. Ke5 Qg5+ 76. Ke4 Qh4+ 77. f4 Qe1+ 78. Qe3 Qxa5 79. Qd4+ Kf7 80. f5 Qa8+ 81. Kf4 Qb8+ 82. Kg4 Qg8+ 83. Kf3 Qa8+ 84. Ke3 Qe8+ 85. Kf2 Qc8 86. Qe5 Qc2+ 87. Kg3 Qd3+ 88. Kh4 Qd1 89. Qe6+ Kf8 90. Qf6+ Kg8 91. Qg6+ Kh8 92.
Qg5 Qh1+ 93. Kg4 Qe4+ 94. Kh5 Qh1+ 95. Kg6 Qc6+ 96. Qf6+ Qxf6+ 97. Kxf6 Kg8 98. Ke7 Kg7 99. f6+ Kg6 100. f7 Kf5 101. f8=Q+ Ke5 102. Qf6+ Ke4 103. Kd6 Kd3 104. Kd5 Ke3 105. Qf5 Kd2 106. Kd4 Ke2 107. Qf4 Kd1 108. Kd3 Ke1 109. Qf8 Kd1 110. Qf1# 1-0

[Event "Late-Titled-Tuesday-Blitz-March-12-2024"]
[Site "Chess.com"]
[Date "2024.03.12"]
[Round "4"]
[White "GiorgianBarbosa"]
[Black "Renatoforf"]
[Result "1-0"]
[WhiteElo "2466"]
[BlackElo "1585"]
[TimeControl "180+1"]
[EndTime "14:32:33 PDT"]
[Termination "GiorgianBarbosa won by resignation"]

1. c4 Nf6 2. d4 c5 3. d5 b5 4. cxb5 a6 5. bxa6 g6 6. Nf3 Bg7 7.
g3 O-O 8. Bg2 d6 9. O-O Nxa6 10.
Nc3 Nc7 11. e4 Ba6 12. Re1 Nb5 13. e5 Ng4 14. Bf4 Nxc3 15. bxc3 Nxe5 16. Nxe5 dxe5 17.
Bxe5 Bc4 18. Bxg7 Kxg7 19. d6 exd6 20. Bxa8 Qxa8 21. Qxd6 1-0

[Event "Late-Titled-Tuesday-Blitz-March-12-2024"]
[Site "Chess.com"]
[Date "2024.03.12"]
[Round "4"]
[White "DucksParadise"]
[Black "olgerts_indricans"]
[Result "1-0"]
[WhiteElo "2572"]
[BlackElo "2404"]
[TimeControl "180+1"]
[EndTime "14:32:43 PDT"]
[Termination "DucksParadise won by resignation"]

1. e4 c5 2. Ne2 e6 3. d4 cxd4 4. Nxd4 Nc6 5. Bf4 Nf6 6. Nxc6 dxc6 7. Qxd8+ Kxd8 8. f3 Bc5 9. Nd2 Ke7 10. O-O-O Nh5 11. Bc7 Bd7 12. Nc4 Be3+ 13. Nxe3 1-0

[Event "Late-Titled-Tuesday-Blitz-March-12-2024"]
[Site "Chess.com"]
[Date "2024.03.12"]
[Round "4"]
[White "campochess"]
[Black "Defenstrator"]
[Result "0-1"]
[WhiteElo "2193"]
[BlackElo "2423"]
[TimeControl "180+1"]
[EndTime "14:33:11 PDT"]
[Termination "Defenstrator won by resignation"]

1. d4 Nf6 2. Bg5 Ne4 3. h4 d5 4.
Nd2 Qd6 5. Nxe4 dxe4 6. c3 Bf5 7.
e3 Nc6 8. Bb5 O-O-O 9. Qa4 f6 10.
Bf4 e5 11. Bxc6 exf4 12. Bb5 a6 13. Be2 fxe3 14. fxe3 Qg3+ 15. Kf1 Qxe3 16. Qd1 Bd6 17. Nh3 Bg3 18. Bg4 Rd5 19. Bxf5+ Rxf5+ 0-1

[Event "Late-Titled-Tuesday-Blitz-March-12-2024"]
[Site "Chess.com"]
[Date "2024.03.12"]
[Round "4"]
[White "manitodeplomo"]
[Black "Er_is_geen_hoop_meer"]
[Result "1-0"]
[WhiteElo "2707"]
[BlackElo "2529"]
[TimeControl "180+1"]
[EndTime "14:33:17 PDT"]
[Termination "manitodeplomo won by resignation"]

1. d4 e5 2. dxe5 d6 3. Nf3 Bg4 4. Bf4 Nc6 5. exd6 Qf6 6. e3 O-O-O 7. Nbd2 Bxd6 8. Bg5 Qxb2 9. Bxd8 Kxd8 10. Be2 Nb4 11. O-O Nxc2 12. Rb1 Qxa2 13. Bc4 Qa4 14. Bb3 Bxf3 15.
Nxf3 Nxe3 16. fxe3 Qa5 17. Bxf7 Nf6 18. Rxb7 Kc8 19.
Qb3 Ng4 20. Be6+ Kd8 21. Bxg4 1-0

[Event "Late-Titled-Tuesday-Blitz-March-12-2024"]
[Site "Chess.com"]
[Date "2024.03.12"]
[Round "4"]
[White "WindWhistler11"]
[Black "mac0504"]
[Result "0-1"]
[WhiteElo "2532"]
[BlackElo "2709"]
[TimeControl "180+1"]
[EndTime "14:33:35 PDT"]
[Termination "mac0504 won by resignation"]

1. Nf3 Nf6 2. g3 g6 3. c4 Bg7 4. Bg2 O-O 5. O-O d6 6. Nc3 Nc6 7. Rb1 e5 8. b4 Ne8 9. b5 Ne7 10. a4 f5 11. Ba3 e4 12. Ne1 Nf6 13. f3 Be6 14. fxe4 Nxe4 15. Nxe4 fxe4 16. Rxf8+ Qxf8 17. Bxe4 Bxc4 18. Bb2 Bxb2 19. Rxb2 Qf6 20. Rb4 Rf8 21. Nf3 d5 22. Bc2 Bxe2 23. Qxe2 Qxf3 24. Qxf3 Rxf3 0-1

[Event "Late-Titled-Tuesday-Blitz-March-12-2024"]
[Site "Chess.com"]
[Date "2024.03.12"]
[Round "4"]
[White "thesupera12"]
[Black "Mikasinski"]
[Result "0-1"]
[WhiteElo "2441"]
[BlackElo "2665"]
[TimeControl "180+1"]
[EndTime "14:33:53 PDT"]
[Termination "Mikasinski won by resignation"]

1. b3 e5 2. Bb2 Nc6 3. e3 Nf6 4. Bb5 e4 5. Ne2 d5 6. O-O Bd6 7. c4 Bxh2+ 8. Kxh2 Ng4+ 9. Kg3 h5 10. Bxc6+ bxc6 11.
f4 h4+ 12. Kh3 Nxe3+ 13. Kh2 Nxd1 14. Rxd1 Bg4 15. Nbc3 d4 16. Nxe4 Bxe2 17. Re1 d3 18.
Bxg7 f5 19. Bf6 fxe4 20. Bxd8 Rxd8 21. Kh3 Kf7 22. b4 Rdg8 23. b5 c5 24. Rxe2 dxe2 0-1

[Event "Late-Titled-Tuesday-Blitz-March-12-2024"]
[Site "Chess.com"]
[Date "2024.03.12"]
[Round "4"]
[White "masnyszachistaaa"]
[Black "DraningWaterHi"]
[Result "1-0"]
[WhiteElo "2555"]
[BlackElo "2238"]
[TimeControl "180+1"]
[EndTime "14:34:03 PDT"]
[Termination "masnyszachistaaa won by resignation"]

1. c4 c5 2. Nc3 Nc6 3. Nf3 g6 4. e3 Bg7 5. d4 cxd4 6. exd4 d6 7.
Be2 Bg4 8. Be3 Nh6 9. d5 Bxf3 10. Bxf3 Ne5 11. Be2 Nf5 12. Bf4 h6 13. O-O Nd7 14. Qd2 g5 15. Bg3 Nxg3 16. hxg3 O-O 17. Rfe1 Nc5 18. Rac1 f6 19. b4 Nd7 20. Bg4 f5 21. Be2 Rc8 22. Nb5 a6 23. Nd4 Bxd4 24. Qxd4 Qb6 25.
Qxb6 Nxb6 26. c5 Nd7 27. c6 bxc6 28. dxc6 Nb8 29. c7 1-0

[Event "Late-Titled-Tuesday-Blitz-March-12-2024"]
[Site "Chess.com"]
[Date "2024.03.12"]
[Round "4"]
[White "grandcoach"]
[Black "Flaccidmoves"]
[Result "0-1"]
[WhiteElo "2184"]
[BlackElo "2411"]
[TimeControl "180+1"]
[EndTime "14:34:14 PDT"]
[Termination "Flaccidmoves won by resignation"]

1. e4 d6 2. d4 Nf6 3. Nc3 e5 4. Nf3 Nbd7 5. Bc4 Be7 6. O-O O-O 7. Re1 c6 8. a4 b6 9. Bb3 Bb7 10. a5 bxa5 11. dxe5 Nxe5 12. Nxe5 dxe5 13. Qxd8 Bxd8 14. Be3 Bb6 15. Na4 Nd7 16. Rad1 Bxe3 17. Rxe3 Nb6 18. Nc5 Bc8 19. h3 Be6 20. Bxe6 fxe6 21. Rd6 Nc4 22. Rxc6 Nxe3 23. fxe3 Rac8 0-1

[Event "Late-Titled-Tuesday-Blitz-March-12-2024"]
[Site "Chess.com"]
[Date "2024.03.12"]
[Round "4"]
[White "northridgehawk"]
[Black "willcab71"]
[Result "0-1"]
[WhiteElo "2308"]
[BlackElo "2149"]
[TimeControl "180+1"]
[EndTime "14:34:19 PDT"]
[Termination "willcab71 won by resignation"]

1. e4 e5 2. Nf3 Nc6 3. d4 exd4 4.
Bc4 Nf6 5. O-O Nxe4 6. Re1 d5 7.
Bxd5 Qxd5 8. Nc3 Qh5 9. Nxe4 Be6 10. Neg5 O-O-O 11. Nxe6 fxe6 12. Rxe6 Bd6 13. Bg5 Rdf8 14. h3 Rxf3 15. Qxf3 Qxg5 16. Rae1 Qf4 17. Qd5 Qh2+ 18.
Kf1 Nd8 19. Re8 Qh1+ 0-1

[Event "Late-Titled-Tuesday-Blitz-March-12-2024"]
[Site "Chess.com"]
[Date "2024.03.12"]
[Round "4"]
[White "stasOR4ik"]
[Black "Perecke"]
[Result "0-1"]
[WhiteElo "2423"]
[BlackElo "2605"]
[TimeControl "180+1"]
[EndTime "14:34:22 PDT"]
[Termination "Perecke won by resignation"]

1. e4 c5 2. c3 Nc6 3. d4 cxd4 4. cxd4 d5 5. e5 e6 6. f4 Nge7 7. Nf3 h5 8. Bd3 Nf5 9. Bxf5 exf5 10. Nc3 b6 11.
Qb3 Nb4 12. O-O Ba6 13. a3 Bxf1 14. Kxf1 Nc6 15. Nxd5 Be7 16. Qb5 Rc8 17. Nxe7 Qxe7 18. d5 Qd7 19. dxc6 Rxc6 20. e6 Rxc1+ 21. Rxc1 Qxb5+ 22. Kf2 O-O 23. Ng5 Qxb2+ 24. Kf3 Qxc1 0-1

[Event "Late-Titled-Tuesday-Blitz-March-12-2024"]
[Site "Chess.com"]
[Date "2024.03.12"]
[Round "4"]
[White "dodorox"]
[Black "GotCheeseCheckers"]
[Result "0-1"]
[WhiteElo "2156"]
[BlackElo "2473"]
[TimeControl "180+1"]
[EndTime "14:34:34 PDT"]
[Termination "GotCheeseCheckers won by resignation"]

1. d4 c5 2. d5 g6 3. c4 Bg7 4. Qc2 f5 5. g3 d6 6. Bg2 Na6 7.
Bd2 Nf6 8. a3 O-O 9. Nc3 Nc7 10.
f4 Bd7 11. a4 Na6 12. Nb5 Nb4 13. Bxb4 cxb4 14. Qd2 Qb6 15. Nh3 Ng4 16. a5 Qc5 17. Qd3 a6 0-1

[Event "Late-Titled-Tuesday-Blitz-March-12-2024"]
[Site "Chess.com"]
[Date "2024.03.12"]
[Round "4"]
[White "ploxoi"]
[Black "JaackCamel"]
[Result "0-1"]
[WhiteElo "2414"]
[BlackElo "2213"]
[TimeControl "180+1"]
[EndTime "14:34:36 PDT"]
[Termination "JaackCamel won by resignation"]

1. d4 d5 2. Nf3 e6 3. c4 c6 4. g3 dxc4 5. Ne5 b5 6. Bg2 Bb7 7. a4 Qc8 8. b3 cxb3 9. Qxb3 b4 10. a5 c5 11. dxc5 Bxg2 12. Rg1 Bd5 13. Qxb4 Nc6 14. Nxc6 Qxc6 15. Be3 Nf6 16. Nc3 Be7 17. Rb1 O-O 18.
Bd4 h6 19. Be5 Bxc5 20. Qb5 Qxb5 21. Rxb5 Rac8 22. Bxf6 gxf6 23. Nxd5 exd5 24. e3 d4 25. e4 d3 26. Kd2 Rfd8 27. Rf1 Bxf2 28. Rxf2 Rc2+ 29.
Ke3 Rxf2 30. Kxf2 d2 0-1

[Event "Late-Titled-Tuesday-Blitz-March-12-2024"]
[Site "Chess.com"]
[Date "2024.03.12"]
[Round "4"]
[White "RandomNoob04"]
[Black "TigrVShlyape"]
[Result "1-0"]
[WhiteElo "2635"]
[BlackElo "2902"]
[TimeControl "180+1"]
[EndTime "14:34:44 PDT"]
[Termination "RandomNoob04 won by resignation"]

1. e4 c5 2. d4 cxd4 3. c3 Nf6 4.
e5 Nd5 5. Nf3 Nc6 6. Bc4 Nb6 7.
Bb3 d5 8. exd6 Qxd6 9. O-O Be6 10.
Na3 a6 11. Bxe6 Qxe6 12. Nxd4 Nxd4 13. Qxd4 Rd8 14. Qh4 h5 15. Nc2 g6 16. Re1 Qg4 17. Qf6 Rd1 18. Qxh8 Qe2 19. Bh6 Rxa1 20. Qxf8+ Kd7 21.
Rxa1 Qxc2 22. Qxf7 1-0

[Event "Late-Titled-Tuesday-Blitz-March-12-2024"]
[Site "Chess.com"]
[Date "2024.03.12"]
[Round "4"]
[White "rdarruda"]
[Black "Bkmzzzzz"]
[Result "1-0"]
[WhiteElo "2553"]
[BlackElo "2379"]
[TimeControl "180+1"]
[EndTime "14:34:50 PDT"]
[Termination "rdarruda won by checkmate"]

1. d4 d5 2. Nf3 Nf6 3. c4 dxc4 4.
e3 e6 5. Bxc4 c5 6. O-O a6 7.
Qe2 cxd4 8. exd4 b5 9. Bb3 Be7 10. Nc3 O-O 11. Bg5 Bb7 12. Rad1 h6 13. Bh4 Re8 14. Rfe1 Nbd7 15. Ne5 Nb6 16. Nxf7 Kxf7 17. Qxe6+ Kg6 18. Bc2+ Kh5 19. Qf5+ g5 20. Bxg5 hxg5 21.
Qh3# 1-0

[Event "Late-Titled-Tuesday-Blitz-March-12-2024"]
[Site "Chess.com"]
[Date "2024.03.12"]
[Round "4"]
[White "Rodalquilar"]
[Black "SamuraisOfChess"]
[Result "1-0"]
[WhiteElo "2793"]
[BlackElo "2576"]
[TimeControl "180+1"]
[EndTime "14:34:53 PDT"]
[Termination "Rodalquilar won by resignation"]

1. d4 Nf6 2. Nf3 d5 3. Bf4 Bf5 4. e3 e6 5. Ne5 Nbd7 6. g4 Bg6 7. h4 h6 8. Nxg6 fxg6 9. Bd3 Kf7 10. c4 Bd6 11.
Bxd6 cxd6 12. Nc3 dxc4 13. Bxc4 Rc8 14. Bb3 d5 15. Qf3 Kg8 16. O-O-O b5 17. Kb1 b4 18. Ne2 Ne4 19. Nf4 Nf8 20. Nxd5 exd5 21. Qxe4 Kh7 22. Bxd5 Qd7 23. h5 Re8 24. Qf3 Qe7 25. Rc1 Qg5 26. Rc5 Qf6 27. Qxf6 gxf6 28. Rc7+ 1-0

[Event "Late-Titled-Tuesday-Blitz-March-12-2024"]
[Site "Chess.com"]
[Date "2024.03.12"]
[Round "4"]
[White "Timerkhanov"]
[Black "nj123456"]
[Result "0-1"]
[WhiteElo "2607"]
[BlackElo "2453"]
[TimeControl "180+1"]
[EndTime "14:34:59 PDT"]
[Termination "nj123456 won by resignation"]

1. d4 d5 2. Bf4 Nf6 3. e3 e6 4. Nf3 c5 5. c3 Nc6 6. Nbd2 Bd6 7. Bg3 O-O 8. Bd3 b6 9. Qe2 Bb7 10. Rd1 Ne7 11. O-O Ne4 12. Bxe4 dxe4 13. Ng5 Bxg3 14.
fxg3 cxd4 15. exd4 Qd5 16. Ngxe4 Qxa2 17. Nf3 Ba6 18.
Qc2 Bxf1 19. Rxf1 Qd5 20. Ne5 Ng6 21. Ng4 f5 0-1

[Event "Late-Titled-Tuesday-Blitz-March-12-2024"]
[Site "Chess.com"]
[Date "2024.03.12"]
[Round "4"]
[White "GoltsevDmitry2000"]
[Black "Practical-Play"]
[Result "1-0"]
[WhiteElo "2694"]
[BlackElo "2462"]
[TimeControl "180+1"]
[EndTime "14:35:06 PDT"]
[Termination "GoltsevDmitry2000 won by resignation"]

1. e4 d5 2. exd5 Nf6 3. d4 Bg4 4. f3 Bd7 5. Nc3 e6 6. dxe6 Bxe6 7. Bd3 Nc6 8. Nge2 a6 9. a3 Bd6 10. O-O h5 11. Bg5 Bxh2+ 12. Kxh2 Ng4+ 13. fxg4 hxg4+ 14. Kg1 Qxg5 15. Qc1 Qh5 16. Qf4 O-O-O 17. d5 1-0

[Event "Late-Titled-Tuesday-Blitz-March-12-2024"]
[Site "Chess.com"]
[Date "2024.03.12"]
[Round "4"]
[White "Zampronha1971"]
[Black "robertoalejandro10"]
[Result "1-0"]
[WhiteElo "2330"]
[BlackElo "2525"]
[TimeControl "180+1"]
[EndTime "14:35:24 PDT"]
[Termination "Zampronha1971 won by resignation"]

1. e4 c5 2. Nf3 g6 3. d4 cxd4 4. Nxd4 Nc6 5. Nc3 Bg7 6. Be3 Nf6 7. Bc4 O-O 8. Bb3 a5 9. O-O a4 10. Nxa4 Nxe4 11. c4 d6 12. Nb5 Ra6 13. Qe2 Nf6 14.
h3 Bd7 15. Rfd1 Na5 16. Bc2 Nc6 17. a3 Be6 18. c5 d5 19. Bf4 Nd7 20. Nc7 Nde5 21.
Nxa6 bxa6 22. Nb6 d4 23. Be4 h6 24. Rac1 a5 25. Qd2 g5 26. Bxe5 Bxe5 27. Bxc6 1-0

[Event "Late-Titled-Tuesday-Blitz-March-12-2024"]
[Site "Chess.com"]
[Date "2024.03.12"]
[Round "4"]
[White "dealshark"]
[Black "Grindaveci"]
[Result "0-1"]
[WhiteElo "2334"]
[BlackElo "2531"]
[TimeControl "180+1"]
[EndTime "14:35:25 PDT"]
[Termination "Grindaveci won by resignation"]

1. d4 d5 2. c4 e6 3. Nc3 c6 4. e4 dxe4 5. Nxe4 Bb4+ 6. Nc3 e5 7. Nf3 exd4 8. Nxd4 Nf6 9. Be2 O-O 10.
O-O Qc7 11. Be3 Rd8 12. Qb3 Bf8 13. h3 Nbd7 14. Rad1 Nc5 15. Qc2 Ne6 16. Nf5 Bd7 17. Rd2 Be8 18. Rfd1 Qa5 19. Rxd8 Rxd8 20. Rxd8 Nxd8 21.
a3 Bd7 22. Ng3 Ne6 23. Qd2 Be8 24. Nd5 Qd8 25. Nxf6+ Qxf6 26. Bxa7 c5 27. Bb8 Bc6 28. Bf1 g6 29. b4 Qa1 30. b5 Be8 31. Qe3 Bg7 32. Ne2 Qa2 33. Nf4 Bd4 34. Nxe6 Bxe3 0-1